 Dungeon Crawl Stone Soup version 0.29.1-1-gd02db69 (webtiles) character file.

Game seed: 1648496681211135876

2337 Kel the Cleaver (level 9, -8/76 HPs)
             Began as a Gargoyle Berserker on Nov 25, 2022.
             Was a Priest of Trog.
             Mangled by Joseph
             ... wielding a +0 quarterstaff
              (19 damage)
             ... on level 7 of the Dungeon.
             The game lasted 00:10:33 (6577 turns).

Kel the Cleaver (Gargoyle Berserker)                Turns: 6577, Time: 00:10:33

Health: -8/76      AC: 10    Str: 31    XL:     9   Next: 42%
Magic:  9/9        EV:  8    Int:  8    God:    Trog [***...]
Gold:   401        SH:  0    Dex:  9    Spells: 8/8 levels left

rFire   . . .      SeeInvis +   r - +0 war axe
rCold   . . .      Faith    .   (no shield)
rNeg    + . .      Spirit   .   y - +0 plate armour
rPois   ∞          Reflect  .   n - +0 helmet {SInv}
rElec   +          Harm     .   x - scarf {repulsion}
rCorr   .          Rampage  .   (no gloves)
Will    .....                   (no boots)
Stlth   ..........              (no amulet)
HPRegen 0.22/turn               i - +6 ring of strength
MPRegen 0.11/turn               (no ring)

@: berserking, corroded, repel missiles, very quick
A: sickness immunity, AC +6, negative energy resistance 1, electricity
resistance, torment resistance 1, petrification resistance
a: Renounce Religion, Berserk, Trog's Hand


You were on level 7 of the Dungeon.
You worshipped Trog.
Trog was most pleased with you.
You visited 1 branch of the dungeon, and saw 7 of its levels.

You collected 401 gold pieces.

Inventory:

Hand Weapons
 p - the +4 hammer of the Lumpy Knives {flame, rC++ rN+ Dex+4}
   (You found it on level 7 of the Dungeon)

   It burns those it strikes, dealing additional fire damage.
   Dex:       It affects your dexterity (+4).
   rC:        It greatly protects you from cold.
   rN:        It protects you from negative energy.
 r - a +0 war axe (weapon)
Missiles
 v - 4 throwing nets (quivered)
Armour
 n - a +0 helmet of see invisible (worn)
 x - a scarf of repulsion (worn)
 y - a +0 plate armour (worn)
Jewellery
 i - a +6 ring of strength (left hand)
Wands
 c - a wand of iceblast (1)
 w - a wand of mindburst (24)
Scrolls
 a - 2 scrolls of enchant weapon {unknown}
 e - 4 scrolls of identify {unknown}
 g - 4 scrolls of noise {unknown}
 h - a scroll of immolation {unknown}
 j - 3 scrolls of magic mapping {unknown}
 k - a scroll of vulnerability {unknown}
 l - 2 scrolls of fear {unknown}
 o - 3 scrolls of poison {unknown}
 s - 4 scrolls of butterflies {unknown}
 u - 2 scrolls of teleportation {unknown}
Potions
 b - a potion of haste {unknown}
 d - 2 potions of curing {unknown}
 f - 4 potions of heal wounds {unknown}
 m - 4 potions of attraction {unknown}
 q - a potion of degeneration {unknown}
 t - a potion of might {unknown}
 z - a potion of resistance {unknown}


   Skills:
 - Level 3.2 Fighting
 + Level 11.6 Axes
 - Level 2.1 Armour
 - Level 1.5 Dodging


You had 8 spell levels left.
You didn't know any spells.
Your spell library was empty.

Dungeon Overview and Level Annotations

Branches:
Dungeon (7/15)             Temple (0/1) D:4

Altars:
Gozag
Makhleb
Nemelex Xobeh
Okawaru

Annotations:
D:7 Joseph


Innate Abilities, Weirdness & Mutations

You are immune to sickness and miasma.
Your stone body is resilient. (AC +6)
You are immune to poison.
You resist negative energy. (rN+)
You are resistant to electric shocks. (rElec)
You are resistant to unholy torment.
You are immune to petrification.


Message History

Joseph is moderately wounded.
Joseph closely misses you.
You barely miss Joseph.
Joseph is moderately wounded.
You hit Joseph.
Joseph is moderately wounded.
Joseph hits you but does no damage.
You slash Joseph!
Joseph is heavily wounded.
Joseph hits you but does no damage.
You hit Joseph.
Joseph is heavily wounded.
Joseph hits you with a +0 quarterstaff.
You barely miss Joseph.
Joseph is heavily wounded.
Joseph hits you but does no damage.
You slash Joseph!
Joseph is severely wounded.
Joseph zaps a wand.
The bolt of acid hits you. The acid corrodes you!
You closely miss Joseph.
Joseph is severely wounded.
Joseph hits you with a +0 quarterstaff.
You slash Joseph!
Joseph is almost dead.
Joseph zaps a wand.
The bolt of acid hits you!
You are too injured to fight recklessly!
You are too injured to fight recklessly!
You are too injured to fight recklessly!
You hit Joseph.
Joseph is almost dead.
Joseph closely misses you.
You hit Joseph.
Joseph is almost dead.
Joseph zaps a wand.
The bolt of acid hits you!
* * * LOW HITPOINT WARNING * * *
The acid corrodes you!
A red film seems to cover your vision as you go berserk!
You feel yourself moving faster!
You feel mighty!
Joseph hits you with a +0 quarterstaff!!
You die...

#.# ##...## ###
#.....## #......##
#.......# #####
####.......+ #)))###
##..........#
#.))[)####..........##
#)).##))#).........##
########)#)...#@..##
#########@## #Y# #Y#
#K# ... ... .....
...#.


You could see Joseph, an ice beast, a sky beast (invisible) and a kobold.

Vanquished Creatures
  An unseen horror (D:6)
  Sigmund (D:5)
  Eustachio (D:6)
  A steam dragon (D:7)
  Menkaure (D:5)
  An ice beast (D:6)
  A black bear (D:5)
  A sky beast (D:6)
  2 centaurs
  An ogre (D:6)
  A kobold brigand (D:7)
  A gnoll sergeant (D:6)
  2 necrophages (D:5)
  3 scorpions
  A jelly (D:6)
  3 orc priests
  2 hounds
  Crazy Yiuf (D:7)
  3 iguanas
  An orc wizard (D:5)
  Robin (D:2)
  8 adders
  7 gnolls
  A white imp (D:5)
  2 ufetubi
  14 orcs
  6 bats
  3 endoplasms
  2 giant cockroaches (D:4)
  8 goblins
  6 hobgoblins
  3 jackals (D:5)
  10 kobolds
  2 quokkas
  8 ball pythons
  4 frilled lizards
  7 rats
121 creatures vanquished.

Vanquished Creatures (others)
  12 plants (D:2)
12 creatures vanquished.

Grand Total: 133 creatures vanquished

Notes
Turn   | Place    | Note
-------+----------+-------------------------------------------
     0 | D:1      | Kel the Gargoyle Berserker began the quest for the Orb.
     0 | D:1      | Reached XP level 1. HP: 14/14 MP: 1/1
   152 | D:1      | Reached skill level 3 in Axes
   270 | D:1      | Reached XP level 2. HP: 19/19 MP: 2/2
   892 | D:2      | Found a faded altar of an unknown god.
   902 | D:2      | Reached XP level 3. HP: 21/23 MP: 3/3
   938 | D:2      | Noticed Robin
   941 | D:2      | Reached ** piety under Trog
   950 | D:2      | Killed Robin
   951 | D:2      | Reached skill level 4 in Axes
  1290 | D:2      | Reached XP level 4. HP: 28/28 MP: 4/4
  1754 | D:3      | Found an iron altar of Okawaru.
  2289 | D:4      | Reached skill level 5 in Axes
  2302 | D:4      | Found a burning altar of Makhleb.
  2339 | D:4      | Reached XP level 5. HP: 7/32 MP: 5/5
  3062 | D:4      | Found a staircase to the Ecumenical Temple.
  3234 | D:5      | Entered Level 5 of the Dungeon
  3242 | D:5      | HP: 1/32 [iguana (10)]
  3247 | D:5      | Reached skill level 6 in Axes
  3247 | D:5      | Reached XP level 6. HP: 1/37 MP: 6/6
  3543 | D:5      | Noticed Sigmund
  3547 | D:5      | Noticed a black bear
  3551 | D:5      | Killed Sigmund
  3554 | D:5      | Killed a black bear
  3554 | D:5      | Reached *** piety under Trog
  3555 | D:5      | Reached skill level 7 in Axes
  3555 | D:5      | Reached XP level 7. HP: 41/41 MP: 7/7
  3584 | D:5      | Noticed Menkaure
  3592 | D:5      | Killed Menkaure
  3657 | D:5      | Reached skill level 8 in Axes
  4110 | D:5      | Reached XP level 8. HP: 44/46 MP: 8/8
  4398 | D:6      | Reached skill level 9 in Axes
  4762 | D:6      | Noticed an unseen horror
  4783 | D:6      | Killed an unseen horror
  4784 | D:6      | Reached skill level 10 in Axes
  5004 | D:6      | Found an opulent altar of Gozag.
  5005 | D:6      | Found a sparkling altar of Nemelex Xobeh.
  5307 | D:6      | Reached XP level 9. HP: 42/51 MP: 9/9
  5370 | D:6      | Noticed Eustachio
  5404 | D:6      | Killed Eustachio
  5676 | D:6      | Reached skill level 11 in Axes
  6432 | D:7      | Found a runed translucent door.
  6433 | D:7      | Noticed Crazy Yiuf
  6455 | D:7      | Killed Crazy Yiuf
  6458 | D:7      | Identified the +4 hammer of the Lumpy Knives {flame, rC++
                  | rN+ Dex+4}
  6541 | D:7      | Noticed Joseph
  6577 | D:7      | Mangled by Joseph

Illustrated notes

Levels and vault maps discovered:
D:1:      dpeg_arrival_water_temple_mockup, layout_basic
D:2:      layout_loops_cross, ebering_ecumenical_altar_rust,
          guppyfry_early_lair_pool, uniq_robin
D:3:      layout_basic, okawaru_trees_1
D:4:      cheibrodos_pilgrimage, layout_basic, bloody_makhleb, temple_green
D:5:      layout_rooms, uniq_menkaure, uniq_sigmund
D:6:      layout_loops_ring, grunt_temple_overflow_opulence,
          portal_sewer_entry_e, uniq_eustachio
D:7:      layout_loops_corners, hangedman_decor_points, uniq_joseph,
          uniq_crazy_yiuf_cottage

Skill      XL: |  1  2  3  4  5  6  7  8  9 |
---------------+----------------------------+-----
Axes           | 3 4 5 6 7 8 10 11 | 11.6
Fighting       | |  3.2
Armour         | |  2.1
Dodging        | |  1.5

Action                   |  1- 3 |  4- 6 |  7- 9 || total
-------------------------+-------+-------+-------++-------
Melee: Hand axe          |    94 |    17 |       ||   111
       War axe           |       |   131 |   237 ||   368
       Punch             |       |       |     2 ||     2
Invok: Berserk           |     1 |     2 |     1 ||     4
Armor: Ring mail         |    60 |     9 |       ||    69
       Scale mail        |       |    78 |    73 ||   151
       Plate armour      |       |       |   123 ||   123
Dodge: Dodged            |    72 |    94 |   154 ||   320
